 Dungeon Crawl Stone Soup version 0.14-a0-19-g3ffea20 (webtiles) character file.

272 Sachiko the Ruinous (level 4, -2/33 HPs)
             Began as a Draconian Conjurer on Sept 25, 2013.
             Was a Follower of Vehumet.
             Slain by a worker ant (7 damage)
             ... on Level 4 of the Dungeon.
             The game lasted 00:17:18 (2796 turns).

Sachiko the Ruinous (Draconian Conjurer)            Turns: 2796, Time: 00:17:18

HP  -2/33        AC  5     Str 10      XL: 4   Next: 90%
MP   1/7         EV 12     Int 15      God: Vehumet [*.....]
Gold 142         SH  0     Dex 13      Spells:  3 memorised,  0 levels left

Res.Fire  : . . .   See Invis. : .   (no weapon)
Res.Cold  : . . .   Warding    : .   (armour unavailable)
Life Prot.: . . .   Conserve   : .   (no shield)
Res.Poison: .       Res.Corr.  : .   (helmet restricted)
Res.Elec. : .       Clarity    : .   (no cloak)
Sust.Abil.: . .     Spirit.Shd : .   (no gloves)
Res.Mut.  : .       Stasis     : .   (no boots)
Res.Rott. : .       Flight     : .   (no amulet)
Saprovore : . . .                    (no ring)
                                     l - ring of protection from magic

@: about to teleport, mildly poisoned, somewhat resistant to hostile
enchantments, fairly stealthy
A: unfitting armour, AC +5
a: Renounce Religion


You were on level 4 of the Dungeon.
You worshipped Vehumet.
Vehumet was aware of your devotion.
You were hungry.

You visited 1 branch of the dungeon, and saw 4 of its levels.

You collected 122 gold pieces.

Inventory:

Magical devices
 j - a wand of digging (15)
Comestibles
 b - 3 bread rations
 h - a meat ration
 m - 2 apples
Scrolls
 a - a scroll of teleportation
 d - 4 scrolls of recharging
 e - 2 scrolls of remove curse
 f - a scroll of random uselessness
 k - 2 scrolls of enchant weapon II
 p - 2 scrolls of identify
Jewellery
 l - a ring of protection from magic (left hand)
Potions
 n - a potion of poison
Books
 c - a book of Conjurations

   Spells                             Type                      Level
   *Magic Dart                        Conjuration                  1
   *Searing Ray                       Conjuration                  2
   *Dazzling Spray                    Conjuration/Hexes            3
   Iskenderun's Mystic Blast          Conjuration                  4
   Iskenderun's Battlesphere          Conjuration/Charms           4
   Fulminant Prism                    Conjuration/Hexes            5


   Skills:
 - Level 1.7 Dodging
 + Level 2.4 Stealth
 + Level 1.9 Spellcasting
 * Level 5.6 Conjurations


You couldn't memorise any spells.
You knew the following spells:

 Your Spells              Type           Power        Failure   Level  Hunger
a - Magic Dart            Conj           ###.         1%          1    ##.....
b - Searing Ray           Conj           ###...       3%          2    ###....
c - Dazzling Spray        Conj/Hex       #.......     24%         3    ####...


Dungeon Overview and Level Annotations

Branches:
Dungeon (4/27)
 Temple: D:4-7

Altars:
Ashenzari
Vehumet

Annotations:
D:4 Duskembrace's ghost, average OgHu


Message History

The jackal misses you.
Read which item? (? for menu, Esc to quit)
As you read the scroll of teleportation, it crumbles to dust.
You feel strangely unstable. The hound bites you.
* * * LOW HITPOINT WARNING * * *
The jackal bites you but does no damage.
The jackal misses you. The worker ant barely misses you.
The jackal barely misses you.
Casting: Magic Dart
Confirm with . or Enter, or press ? or * to list all spells.
Aiming: Searing Ray
Press: ? - help, Shift-Dir - straight line, f/p - worker ant
Aim: a worker ant (moderately wounded)
The searing ray hits the worker ant.
The worker ant is heavily wounded.
The hound bites you but does no damage. The jackal closely misses you.
The jackal bites you.
* * * LOW HITPOINT WARNING * * *
The jackal barely misses you. The worker ant bites you!
You die...

.......# #.# .......###
#.# ...(...#.. #.#
.......#.# #.# #
.......#.# #.#.#
.......#.# ##.#.#
..###....# .... ..#
#...!#######h####.#
..###..........a@h....#
.. #...........hh######
#.###..##.##hs# ...
#...#.#...# ##.
#.....#...# ......#.#.#
.#.#.....#.#
..#.....###.# #####.#
#.#


You could see a hound, a worker ant, 4 jackals and a giant cockroach.

Vanquished Creatures
  Terence (D:2)
  5 adders
  2 giant geckos
  An orc (D:4)
  9 bats
  6 giant cockroaches
  10 hobgoblins
  2 quokkas (D:2)
  A ball python (D:3)
  6 giant newts
  11 goblins
  7 kobolds
  12 rats
73 creatures vanquished.

Notes
Turn   | Place    | Note
--------------------------------------------------------------
     0 | D:1      | Sachiko, the Draconian Conjurer, began the quest for the Orb.
     0 | D:1      | Reached XP level 1. HP: 14/14 MP: 3/3
   342 | D:1      | Reached XP level 2. HP: 18/20 MP: 0/4
   830 | D:2      | Reached XP level 3. HP: 18/26 MP: 1/5
   953 | D:2      | Reached skill level 5 in Conjurations
  1426 | D:2      | Reached XP level 4. HP: 12/33 MP: 1/7
  1651 | D:2      | Noticed Terence
  1722 | D:2      | Killed Terence
  1785 | D:2      | Learned a level 2 spell: Searing Ray
  1960 | D:2      | Found a radiant altar of Vehumet.
  1983 | D:2      | Became a worshipper of Vehumet
  2070 | D:3      | Found a shattered altar of Ashenzari.
  2158 | D:3      | Learned a level 3 spell: Dazzling Spray
  2634 | D:4      | Acquired Vehumet's first power
  2634 | D:4      | Offered knowledge of Flame Tongue by Vehumet.
  2649 | D:4      | Noticed Duskembrace's ghost (average OgHu)
  2796 | D:4      | Slain by a worker ant

Action                   |  1- 3 |  4- 6 || total
-------------------------+-------+-------++-------
Melee: Unarmed           |   120 |    77 ||   197
 Cast: Magic Dart        |    64 |    53 ||   117
       Searing Ray       |       |     7 ||     7
       Dazzling Spray    |       |     4 ||     4
Evoke: Wand              |     3 |     1 ||     4
  Use: Scroll            |     6 |     5 ||    11
       Potion            |     3 |     6 ||     9
